 Dungeon Crawl Stone Soup version 0.18.1-8-gdd0e5ea (webtiles) character file.

35 st0uf the Charmwright (level 3, -15/30 HPs)
             Began as a Draconian Skald on May 30, 2016.
             Killed from afar by Ijyb (24 damage)
             ... with a wand of lightning
             ... on level 2 of the Dungeon.
             The game lasted 00:05:11 (1246 turns).

st0uf the Charmwright (Draconian Skald)             Turns: 1246, Time: 00:05:14

Health: -15/30     AC:  5    Str: 15    XL:     3   Next: 17%
Magic:  3/6        EV: 12    Int: 12    God:
Gold:   87         SH:  0    Dex: 10    Spells: 1 memorised, 5 levels left

rFire  . . .     SeeInvis .     a - +0 falchion
rCold  . . .     Gourm    .     (armour unavailable)
rNeg   . . .     Faith    .     (no shield)
rPois  .         Spirit   .     (helmet restricted)
rElec  .         Dismiss  .     (no cloak)
rCorr  .         Reflect  .     (no gloves)
SustAt .         Harm     .     (no boots)
MR     .....                    k - amulet of regeneration
Stlth  +.........               (no ring)
                                (no ring)

@: infused (expiring), not resistant to hostile enchantments, very unstealthy
A: unfitting armour, cold-blooded, AC +5
a: no special abilities


You were on level 2 of the Dungeon.
You were hungry.

You visited 1 branch of the dungeon, and saw 2 of its levels.

You collected 87 gold pieces.

Inventory:

Hand Weapons
 a - a +0 falchion (weapon)
Jewellery
 k - an amulet of regeneration (around neck)
Scrolls
 f - a scroll of remove curse {unknown}
 g - 2 scrolls of enchant weapon {unknown}
 h - a scroll of random uselessness {unknown}
 i - a scroll of noise {unknown}
Potions
 e - 2 potions of brilliance {unknown}
Books
 b - a book of Battle

   Spells                             Type                      Level
   a - Infusion                       Charms                       1
   b - Shroud of Golubria             Charms/Translocation         2
   c - Song of Slaying                Charms                       2
   d - Spectral Weapon                Hexes/Charms                 3
   e - Regeneration                   Charms/Necromancy            3
Comestibles
 c - a bread ration
 d - 2 meat rations


   Skills:
 + Level 2.5 Fighting
 + Level 2.2 Long Blades
 + Level 1.5 Dodging
 + Level 2.3 Spellcasting
 + Level 3.2 Charms


You had 5 spell levels left.
You knew the following spells:

 Your Spells              Type           Power        Failure   Level  Hunger
a - Infusion              Chrm           #...         10%         1    ##.....


Dungeon Overview and Level Annotations

Branches:
Dungeon (2/15)

Altars:

Annotations:
D:2 Ijyb


Innate Abilities, Weirdness & Mutations

Your plain brown scales are hard (AC +5).
Your body does not fit into most forms of armour.
You are cold-blooded and may be slowed by cold attacks.


Message History

Ijyb hits you. The goblin barely misses you.
Ijyb zaps a wand.
The bolt of lightning misses you.
You hit Ijyb.
Ijyb is heavily wounded.
The goblin hits you. Ijyb closely misses you.
You hit Ijyb.
Ijyb is heavily wounded.
The goblin hits you but does no damage. Ijyb closely misses you.
You hit Ijyb. You tail-slap Ijyb, but do no damage.
Ijyb is severely wounded.
The goblin barely misses you.
Ijyb zaps a wand.
The bolt of lightning hits you!
Ouch! That really hurt!
* * * LOW HITPOINT WARNING * * *
You barely miss Ijyb.
Your tail-slap misses Ijyb.
Ijyb is severely wounded.
Your magical infusion is running out.
The goblin closely misses you.
Ijyb zaps a wand.
The bolt of lightning hits you!
Ouch! That really hurt!
You die...

#.#.#g# # #.#.#.# #
#.....# #
#######.#.### #
...........# #
.#######...########
#................#
#.#####....g.....#
#....g@....#
#.......<..#
#.........(#
............#
......<###.###
.......## #.#
.....>## #.# ####
#.# #.#


You could see Ijyb and a goblin.

Vanquished Creatures
  A giant gecko (D:1)
  3 giant cockroaches (D:1)
  6 goblins
  5 hobgoblins (D:1)
  3 jackals (D:1)
  3 kobolds (D:1)
  A ball python (D:1)
  3 bats (D:1)
  2 giant newts (D:1)
  5 rats (D:1)
32 creatures vanquished.

Notes
Turn   | Place    | Note
--------------------------------------------------------------
     0 | D:1      | st0uf the Draconian Skald began the quest for the Orb.
     0 | D:1      | Reached XP level 1. HP: 17/17 MP: 3/3
     2 | D:1      | Noticed a merfolk
     2 | D:1      | Noticed a demonspawn
     4 | D:1      | Noticed a dwarf
     6 | D:1      | Noticed a felid
     8 | D:1      | Noticed an octopode
     8 | D:1      | Noticed an ogre
    10 | D:1      | Noticed a vampire
    12 | D:1      | Noticed a gargoyle
    12 | D:1      | Noticed a vine stalker
    14 | D:1      | Noticed a troll
    14 | D:1      | Noticed a tengu
    16 | D:1      | Noticed a human
    16 | D:1      | Noticed an elf
    18 | D:1      | Noticed a halfling
    20 | D:1      | Noticed a minotaur
    20 | D:1      | Noticed a formicid
    22 | D:1      | Noticed a naga
    22 | D:1      | Noticed a ghoul
    24 | D:1      | Noticed a demigod
    24 | D:1      | Noticed a draconian
    26 | D:1      | Noticed a spriggan
    26 | D:1      | Noticed a centaur
    78 | D:1      | Reached skill level 3 in Charms
    98 | D:1      | Reached XP level 2. HP: 19/24 MP: 5/5
   449 | D:1      | Reached XP level 3. HP: 26/30 MP: 3/6
   859 | D:2      | Noticed Ijyb
  1246 | D:2      | Killed from afar by Ijyb

Skill      XL: |  1 |
---------------+----+-----
Charms         | 3 |  3.2
Fighting       | |  2.5
Long Blades    | |  2.2
Dodging        | |  1.5
Spellcasting   | |  2.3

Action                   || total
-------------------------++-------
Melee: Falchion          ||   104
       Tailslap          ||     6
 Cast: Infusion          ||    14
 Stab: Sleeping          ||     1
  Eat: Chunk             ||     1
Armor: Skin              ||    38
Dodge: Dodged            ||    71
